AoeStats
← skeezerrr

Nomad

508738385Analyzed
3v3 RM · 10d ago on Sep 23, 2026· 46m 19s· 6 players
Game mode
Random Map
Map size
210×210
Population
200
Speed
Normal
Resources
Standard
Victory
Conquest
Starting age
Dark Age
Ending age
Imperial Age
RankedLock teamsTeams togetherTeam positionsShared explorationLock speedFull tech treeHidden civsTurbo modeCheats
Victory
Defeat
1324
+12
🇬🇧 Persians · United Kingdom
1237
+15
🇬🇧 Vietnamese · United Kingdom
1181
+17
🇬🇧 Inca · United Kingdom
1262
-16
🇬🇧 Varangians · United Kingdom
1215
-15
🇬🇧 Saxons · United Kingdom
1172
-13
Husain Bolt
11:34 Loom
13:24 Feudal Age
13:55 Double-Bit Axe
13:58 Loom
19:41 Castle Age
19:13 Stone Mining
21:28 Town Watch
24:36 Forging
26:10 Fletching
30:28 Bloodlines
32:15 Wheelbarrow
32:19 Scale Barding Armor
40:23 Horse Collar
40:58 Bow Saw
40:48 Gold Mining
41:58 Iron Casting
41:44 Chain Barding Armor
44:53 Hand Cart
49:14 Imperial Age
skeezerrr
7:43 Loom
13:47 Feudal Age
19:56 Castle Age
18:42 Stone Mining
40:32 Horse Collar
40:44 Fletching
44:54 Imperial Age
42:40 Town Watch
44:49 Thumb Ring
45:16 Capped Ram
45:33 Elite Rattan Archer
KiFQiT - Joseph Vissarionovitch
4:38 Loom
13:39 Feudal Age
18:29 Castle Age
17:45 Horse Collar
20:09 Heavy Plow
25:03 Wheelbarrow
29:28 Hand Cart
29:17 Padded Archer Armor
35:26 Imperial Age
35:30 Bloodlines
35:20 Husbandry
35:31 Scale Barding Armor
35:36 Forging
38:10 Conscription
41:11 Chain Barding Armor
41:26 Iron Casting
46:03 Gold Mining
OtsBmd
6:12 Loom
12:24 Feudal Age
13:17 Double-Bit Axe
14:24 Horse Collar
15:56 Town Watch
20:04 Fletching
23:03 Castle Age
23:44 Bodkin Arrow
24:59 Bow Saw
24:50 Heavy Plow
25:54 Wheelbarrow
30:37 Hand Cart
41:33 Imperial Age
39:48 Scale Mail Armor
39:59 Forging
42:17 Gold Mining
42:18 Stone Mining
44:11 Iron Casting
43:53 Chain Mail Armor
43:39 Bracer
43:58 Champi Runner
45:13 Squires
45:01 Arson
45:26 Champi Warrior
Wololo
10:25 Loom
14:48 Feudal Age
19:03 Castle Age
19:19 Double-Bit Axe
21:46 Fletching
21:57 Padded Archer Armor
27:18 Husbandry
29:08 Bloodlines
29:33 Horse Collar
38:32 Imperial Age
DreamWolf
5:20 Loom
13:50 Feudal Age
18:46 Forging
21:34 Castle Age
23:25 Iron Casting
23:06 Medium Warships
35:32 Imperial Age
35:18 Bloodlines
35:56 Cavalier
39:41 Fletching
43:14 Scale Barding Armor
Connection lost

Rejoining the realm…

Still unreachable

The connection could not be restored.

Session expired

The server has moved on; the page needs a fresh start.